 Dungeon Crawl Stone Soup version 0.22-a0-877-g5c4e1af (webtiles) character file.

658 prawnwizard the Slasher (level 7, 0/84 HPs)
             Began as a Demonspawn Fighter on July 29, 2018.
             Succumbed to Dowan's poison
             ... on level 4 of the Dungeon.
             The game lasted 00:04:47 (4246 turns).

prawnwizard the Slasher (Demonspawn Fighter)        Turns: 4246, Time: 00:04:47

Health: 0/84       AC: 23    Str: 19    XL:     7   Next: 30%
Magic:  0/7        EV:  2    Int:  9    God:
Gold:   111        SH:  0    Dex: 12    Spells: 6/6 levels left

rFire    . . .     SeeInvis .   a - +0 long sword
rCold    . . .     Gourm    .   (no shield)
rNeg     + + +     Faith    .   (armour currently unavailable)
rPois    +         Spirit   +   (helmet currently unavailable)
rElec    .         Reflect  .   (cloak currently unavailable)
rCorr    .         Harm     .   (gloves currently unavailable)
MR       .....     NoTele   +   (boots currently unavailable)
Stlth    +.........             s - amulet of guardian spirit
HPRegen  0.24/turn              (no ring)
MPRegen  0.10/turn              (no ring)

@: lethally poisoned (0 -> -26), tree-form, drained
A: rugged brown scales 1, demonic guardian 1
a: no special abilities


You were on level 4 of the Dungeon.
You were not hungry.
You were a tree.
You visited 1 branch of the dungeon, and saw 4 of its levels.

You collected 111 gold pieces.

Inventory:

Hand Weapons
 a - a +0 long sword (weapon)
Armour
 b - a +0 scale mail
 l - a cursed +0 pair of gloves (melded)
 n - a +0 chain mail (melded)
Jewellery
 s - an amulet of guardian spirit (around neck)
 x - an uncursed ring of ice {unknown}
Wands
 m - a wand of acid (5)
Scrolls
 c - 3 scrolls of amnesia {unknown}
 e - 2 scrolls of teleportation {unknown}
 g - 4 scrolls of identify {unknown}
 k - 2 scrolls of immolation {unknown}
 t - a scroll of enchant weapon {unknown}
 u - a scroll of remove curse {unknown}
 v - a scroll of noise {unknown}
 w - a scroll of fog {unknown}
Potions
 d - 2 potions of might
 h - a potion of lignification
 i - a potion of ambrosia {unknown}
 j - 2 potions of curing {unknown}
 o - a potion of haste {unknown}
 p - a potion of magic {unknown}
 r - 2 potions of agility {unknown}
Comestibles
 f - 8 rations
 q - 3 chunks of flesh


   Skills:
 + Level 4.9(4.8) Fighting
 * Level 5.4 Long Blades
 - Level 3.8 Armour
 + Level 1.9(1.8) Dodging
   Level 2.6 Shields


You had 6 spell levels left.
You didn't know any spells.
Your spell library contained the following spells:

 Spells                   Type           Power        Failure   Level  Hunger
 Confuse                  Hex            #.......     77%         3    ####...
 Tukima's Dance           Hex            #.......     77%         3    ####...
 Ensorcelled Hibernation  Hex/Ice        #.....       52%         2    ###....
 Corona                   Hex            #......      38%         1    ##.....
 Dazzling Spray           Conj/Hex       #.....       77%         3    ####...


Dungeon Overview and Level Annotations

Branches:
Dungeon (4/15)
 Temple: D:4-7

Altars:
Fedhas
Okawaru
Vehumet
Xom

Annotations:
D:4 Dowan


Innate Abilities, Weirdness & Mutations

((You have sharp toenails.))
(You are partially covered in rugged brown scales. (AC +1, +3% HP))
A weak demonic guardian rushes to your aid.


Message History

You completely miss Dowan. Your kick misses Dowan.
You feel sick. Dowan hits you but does no damage.
You are more poisoned.
You barely miss Dowan. Your kick misses Dowan.
You feel sick. Dowan hits you but does no damage.
You are more poisoned.
Dowan barely misses you.
You hit Dowan. Your kick misses Dowan.
Dowan is moderately wounded.
You feel very sick. Dowan gestures at you while chanting.
The shard of ice hits you! Dowan gestures at you while chanting.
The shard of ice hits you!
* * * LOW HITPOINT WARNING * * *
It was a potion of lignification.
You turn into a tree.
Your cursed +0 pair of gloves melds into your body.
Your +0 chain mail melds into your body.
Your roots penetrate the ground.
You die...

.........(...
..............
.............# #
.............# .#
..##.........# ...
..##.........# ....
####.........# ..... #
#.........######......
#
#............♣e.......
#
###.....##.######.....
######.###.##.# ...
.......# #.##.# .
##########.##.#
..........#.#
.#######..#.#
#<.......#.#
#######.##.#


You could see Dowan.

Vanquished Creatures
  Duvessa (D:4)
  5 wights (D:3)
  A howler monkey (D:3)
  A centaur skeleton (D:4)
  2 orc priests
  2 orc wizards
  2 worker ants (D:4)
  4 gnolls
  3 adders
  An ooze (D:3)
  A worm (D:3)
  A dart slug (D:2)
  2 leopard geckos
  8 orcs
  4 ball pythons
  3 giant cockroaches
  5 goblins
  4 hobgoblins
  4 jackals (D:3)
  4 quokkas
  6 bats
  2 frilled lizards
  7 kobolds
  7 rats
80 creatures vanquished.

Notes
Turn   | Place    | Note
-------+----------+-------------------------------------------
     0 | D:1      | prawnwizard the Demonspawn Fighter began the quest for the Orb.
     0 | D:1      | Reached XP level 1. HP: 18/18 MP: 1/1
   149 | D:1      | Reached skill level 2 in Long Blades
   149 | D:1      | Gained mutation: You have sharp toenails. [demonic ancestry]
   149 | D:1      | Reached XP level 2. HP: 14/24 MP: 2/2
   696 | D:2      | Gained mutation: You are partially covered in rugged brown scales. (AC +1, +3% HP) [demonic ancestry]
   696 | D:2      | Reached XP level 3. HP: 15/29 MP: 3/3
  1252 | D:2      | Found a shimmering altar of Xom.
  1794 | D:2      | Reached skill level 3 in Long Blades
  1798 | D:2      | Reached XP level 4. HP: 36/36 MP: 4/4
  2245 | D:3      | Reached XP level 5. HP: 43/43 MP: 5/5
  2274 | D:3      | HP: 2/43 [orc (1)]
  2773 | D:3      | Reached skill level 4 in Long Blades
  2900 | D:3      | Found an iron altar of Okawaru.
  3216 | D:3      | Found a radiant altar of Vehumet.
  3256 | D:3      | Reached XP level 6. HP: 46/49 MP: 6/6
  3538 | D:3      | Reached skill level 1 in Dodging
  3692 | D:3      | Reached skill level 5 in Long Blades
  3978 | D:4      | Gained mutation: A weak demonic guardian rushes to your aid. [demonic ancestry]
  3978 | D:4      | Reached XP level 7. HP: 39/56 MP: 7/7
  4185 | D:4      | Found a blossoming altar of Fedhas.
  4215 | D:4      | Noticed Duvessa
  4224 | D:4      | Noticed Dowan
  4241 | D:4      | Killed Duvessa
  4245 | D:4      | HP: 2/56 [Dowan/shard of ice (24)]
  4246 | D:4      | Succumbed to Dowan's poison

Vault maps used:
D:1:      wheals_arrival_linesprint, minmay_box_of_dots
D:2:      overflow_temple_1_default
D:3:      vehumet_crystals, okawaru_gym_becter
D:4:      lemuel_crystal_altar, led_sif_book, nicolae_ru_the_path_less_chosen,
          uniq_duvessa

Skill      XL: |  1  2  3  4  5  6 |
---------------+-------------------+-----
Long Blades    | 2 3 4 5 |  5.4
Armour         | 3 |  3.8
Fighting       | 4 |  4.9
Dodging        | 1 |  1.9
Shields        | |  2.6

Action                   |  1- 3 |  4- 6 |  7- 9 || total
-------------------------+-------+-------+-------++-------
Melee: Long sword        |    75 |   164 |    29 ||   268
       Kick              |    12 |    46 |     4 ||    62
  Use: Potion            |       |       |     1 ||     1
  Eat: Chunk             |     3 |     5 |     3 ||    11
Armor: Scale mail        |    18 |       |       ||    18
       Chain mail        |    19 |   133 |    14 ||   166
Dodge: Dodged            |    54 |    67 |     9 ||   130
       Rpst.: Long sword |    18 |    18 |     1 ||    37

Table legend:
 A = Spawn XP
 B = Non-spawn XP
 C = Spawn XP percentage of total XP
 D = Spawn monster count
 E = Non-spawn monster count
 F = Spawn count percentage of total count
 G = Total turns spent on level
                    A         B        C        D         E        F      G
               +---------+---------+-------+---------+---------+-------+---------
         Total |       0 |     941 |   0.0 |       0 |      80 |   0.0 |  4246
               +---------+---------+-------+---------+---------+-------+---------
           D:1 |       0 |      31 |   0.0 |       0 |      12 |   0.0 |   687
           D:2 |       0 |     181 |   0.0 |       0 |      21 |   0.0 |  1948
           D:3 |       0 |     510 |   0.0 |       0 |      41 |   0.0 |  1305
           D:4 |       0 |     219 |   0.0 |       0 |       6 |   0.0 |   306
               +---------+---------+-------+---------+---------+-------+---------
